cohdb
Replays
Latest Replays
All Replays
Popular Replays
Top Player Replays
Match Explorer
How It Works
Community
CoH3 Stats
Reddit
Sign in to upload your games and track your stats! →
Sign in with Steam
Match 44162346
Unlisted
Match 44162346
Overview
Messages
Build Orders
End
Selects Italian Coastal Battlegroup
Selects Coastal Reserves
Coastal Reserve
Coastal Reserve
Coastal Reserve
Coastal Reserve
Medical Bunker
Construct Infanterie Kompanie
Coastal Reserve
Medical Bunker
Construct Luftwaffe Kompanie
Selects Support Bunkers
Selects Artillery Officer
Flak 30 Anti-aircraft Gun Team
Anti-tank Bunker
Flak 30 Anti-aircraft Gun Team
Selects Coastal Wall
Medical Bunker
Selects Designated Artillery Overwatch
Designated Artillery Overwatch
Anti-tank Bunker
Artillery Officer
Selects Bulwark
Anti-tank Bunker
Support Elements
Flak 30 Anti-aircraft Gun Team
Designated Artillery Overwatch
DanceFKRdance
Legionary
0
0
Comments
sign in to comment!
No comments posted yet!